 Dungeon Crawl Stone Soup version 0.29.1-2-gbd0b4ee654 (webtiles) character file.

Game seed: 16534891582475508257

128 MTVSty1e the Trooper (level 5, -4/34 HPs)
             Began as a Gargoyle Fighter on Oct 23, 2022.
             Slain by Sigmund
             ... wielding a +0 scythe
              (6 damage)
             ... on level 2 of the Dungeon.
             The game lasted 00:02:10 (2030 turns).

MTVSty1e the Trooper (Gargoyle Fighter)             Turns: 2030, Time: 00:02:11

Health: -4/34      AC: 13    Str: 22    XL:     5   Next: 12%
Magic:  5/5        EV: 13    Int:  8    God:
Gold:   93         SH:  4    Dex:  9    Spells: 4/4 levels left

rFire   . . .      SeeInvis .   a - +0 war axe
rCold   . . .      Faith    .   c - +0 buckler
rNeg    + . .      Spirit   .   b - +0 scale mail
rPois   ∞          Reflect  .   i - +1 helmet
rElec   +          Harm     .   (no cloak)
rCorr   .          Rampage  .   (no gloves)
Will    .....                   (no boots)
Stlth   ..........              (no amulet)
HPRegen 0.11/turn               p - +4 ring of evasion
MPRegen 0.09/turn               (no ring)

@: flying
A: sickness immunity, AC +4, negative energy resistance 1, electricity
resistance, torment resistance 1, petrification resistance
a: no special abilities


You were on level 2 of the Dungeon.
You visited 1 branch of the dungeon, and saw 2 of its levels.

You collected 93 gold pieces.

Inventory:

Hand Weapons
 a - a +0 war axe (weapon)
Armour
 b - a +0 scale mail (worn)
 c - a +0 buckler (worn)
 i - a +1 helmet (worn)
Jewellery
 p - a +4 ring of evasion (left hand)
Scrolls
 e - a scroll of blinking {unknown}
 g - a scroll of vulnerability {unknown}
 h - a scroll of noise {unknown}
 j - 2 scrolls of teleportation {unknown}
 k - a scroll of amnesia {unknown}
 l - a scroll of enchant weapon {unknown}
 m - a scroll of identify {unknown}


   Skills:
 + Level 4.4 Fighting
 * Level 3.9 Axes
 - Level 3.2 Armour
 - Level 3.2 Shields


You had 4 spell levels left.
You didn't know any spells.
Your spell library contained the following spells:

 Spells                   Type           Power      Damage    Failure   Level
 Confusing Touch          Hex            0%         N/A       99%         3
 Yara's Violent Unravell  Hex/Tmut       0%         3d3       100%        5
 Enfeeble                 Hex            0%         N/A       100%        7


Dungeon Overview and Level Annotations

Branches:
Dungeon (2/15)

Altars:
Ashenzari

Annotations:
D:2 Sigmund


Innate Abilities, Weirdness & Mutations

You are immune to sickness and miasma.
Your stone body is resilient. (AC +4)
You are immune to poison.
You resist negative energy. (rN+)
You are resistant to electric shocks. (rElec)
You are resistant to unholy torment.
You are immune to petrification.


Message History

Something barely misses you.
You hear some strange, mumbled words.
Something tries to affect you, but you resist.
You miss something. Something barely misses you.
You miss something. Something hits you but does no damage.
You closely miss something. Something completely misses you.
You closely miss something. Something hits you but does no damage.
You hit something. Something hits you but does no damage.
You hit something. Something hits you!
You hit something but do no damage. Something hits you but does no damage.
You completely miss something. Something barely misses you.
You slash something! Something hits you.
You completely miss something.
You hear some strange, mumbled words.
A magic dart appears from out of thin air!
The magic dart hits you but does no damage.
You completely miss something. Something hits you.
You feel very mighty all of a sudden.
You closely miss something. Something completely misses you.
You completely miss something.
You hear some strange, mumbled words.
A magic dart appears from out of thin air!
The magic dart hits you but does no damage.
Something hits you.
You miss something. You miss something. Something hits you but does no damage.
You miss something. Something hits you!
* * * LOW HITPOINT WARNING * * *
It was a potion of cancellation.
Your magical effects are unravelling.
You feel magically purged.
You feel a little less mighty now. Something hits you but does no damage.
It was a potion of flight.
You feel very buoyant.
You fly up into the air.
Something hits you.
* * * LOW HITPOINT WARNING * * *
You slash something! You barely miss something. Something hits you.
You die...

#.......#........#....
#.......#........#....
#########.............
#.........#.#<
##########............
#..........##.....#.#.
#.................#.#.
#...{.................
#....@..........#.....
#...............#.....
#....................#
##...######...........
##########..........#
####...##..........#
#.......)...........
#........########...
#.....).............


There were no monsters in sight!

Vanquished Creatures
  Jessica (D:2)
  Robin (D:2)
  3 adders (D:2)
  A worm (D:2)
  2 endoplasms (D:2)
  A giant cockroach (D:1)
  15 goblins
  9 hobgoblins
  3 jackals (D:1)
  2 quokkas (D:1)
  6 ball pythons
  6 bats
  3 frilled lizards (D:1)
  3 kobolds (D:1)
  4 rats
60 creatures vanquished.

Notes
Turn   | Place    | Note
-------+----------+-------------------------------------------
     0 | D:1      | MTVSty1e the Gargoyle Fighter began the quest for the Orb.
     0 | D:1      | Reached XP level 1. HP: 14/14 MP: 1/1
   298 | D:1      | Reached XP level 2. HP: 18/19 MP: 2/2
   689 | D:1      | Reached XP level 3. HP: 17/24 MP: 3/3
  1194 | D:2      | Noticed Robin
  1207 | D:2      | Killed Robin
  1211 | D:2      | Reached skill level 4 in Fighting
  1214 | D:2      | Reached XP level 4. HP: 17/29 MP: 4/4
  1552 | D:2      | Found a broken altar of Ashenzari.
  1737 | D:2      | Noticed Jessica
  1747 | D:2      | Killed Jessica
  1748 | D:2      | Reached XP level 5. HP: 34/34 MP: 5/5
  2002 | D:2      | Noticed Sigmund
  2030 | D:2      | Slain by Sigmund

Illustrated notes

Levels and vault maps discovered:
D:1:      shiori_arrival_oz, layout_loops_ring
D:2:      layout_basic, basic_altar, uniq_sigmund, uniq_robin, uniq_jessica

Skill      XL: |  1  2  3 |
---------------+----------+-----
Axes           | 2 3 |  3.9
Fighting       | 4 |  4.4
Armour         | |  3.2
Shields        | |  3.2

Action                   |  1- 3 |  4- 6 || total
-------------------------+-------+-------++-------
Melee: War axe           |   113 |    66 ||   179
  Use: Potion            |       |     3 ||     3
Armor: Scale mail        |    90 |    35 ||   125
Dodge: Dodged            |    68 |    31 ||    99
Block: Buckler           |    18 |    10 ||    28
